 Dungeon Crawl Stone Soup version 0.23.2-33-g5129a83184 (webtiles) character file.

Game seed: 10556673469744336438

4661 Folque the Destroyer (level 10, -9/74 HPs)
             Began as a Demigod Conjurer on July 12, 2019.
             Mangled by a sixfirhy (10 damage)
             ... on level 2 of the Abyss.
             The game lasted 00:31:43 (10936 turns).

Folque the Destroyer (Demigod Conjurer)            Turns: 10936, Time: 00:31:44

Health: -9/74      AC:  9    Str: 13    XL:     10   Next: 1%
Magic:  4/18       EV: 12    Int: 23    God:
Gold:   521        SH:  3    Dex: 16    Spells: 1/15 levels left

rFire    + . .     SeeInvis +   L - +5 falchion (curse)
rCold    . . .     Gourm    .   (no shield)
rNeg     . . .     Faith    .   y - +0 ring mail
rPois    .         Spirit   .   O - +1 helmet
rElec    .         Reflect  +   (no cloak)
rCorr    .         Harm     .   H - +0 pair of gloves
MR       +....                  (no boots)
Stlth    +.........             g - +3 amulet of reflection
HPRegen  0.22/turn              n - ring of protection from fire
MPRegen  0.16/turn              A - ring of see invisible

@: about to teleport, very slightly contaminated
A: high mp 1
a: no special abilities


You were on level 2 of the Abyss.
You were not hungry.

You visited 2 branches of the dungeon, and saw 10 of its levels.
You visited the Abyss 1 time.

You collected 521 gold pieces.

Inventory:

Hand Weapons
 b - a +0 dagger
 f - a +0 club
 m - a +0 dagger
 q - a +0 falchion
 z - a +0 falchion of slicing
 L - a cursed +5 falchion (weapon)
Missiles
 w - 7 tomahawks (quivered)
Armour
 a - a +0 robe
 y - a +0 ring mail (worn)
 E - a +0 helmet
 H - a +0 pair of gloves (worn)
 O - a +1 helmet (worn)
Jewellery
 g - a +3 amulet of reflection (around neck)
 n - a ring of protection from fire (left hand)
 s - an uncursed ring of ice
 A - a ring of see invisible (right hand)
 J - a +1 ring of protection
Wands
 C - a wand of disintegration (14)
 D - a wand of flame (52)
Scrolls
 d - a scroll of immolation
 e - 5 scrolls of teleportation
 i - a scroll of random uselessness {unknown}
 j - 7 scrolls of identify
 k - 4 scrolls of remove curse
 t - 4 scrolls of blinking
 u - 3 scrolls of amnesia {unknown}
 v - 3 scrolls of enchant weapon {unknown}
 x - a scroll of magic mapping {unknown}
 B - a scroll of enchant armour {unknown}
 N - 2 scrolls of fear {unknown}
Potions
 h - a potion of magic
 l - 3 potions of haste
 o - 3 potions of flight
 p - a potion of mutation {unknown}
 r - a potion of cancellation {unknown}
 F - a potion of degeneration {unknown}
 G - a potion of berserk rage {unknown}
 I - a potion of might {unknown}
Comestibles
 c - 23 rations


   Skills:
 - Level 2.5 Fighting
 - Level 6.1 Armour
 - Level 3.0 Dodging
 - Level 1.7 Stealth
 - Level 3.2 Spellcasting
 + Level 8.7 Conjurations
 * Level 7.4 Hexes
 + Level 2.1 Translocations


You had one spell level left.
You knew the following spells:

 Your Spells              Type           Power        Failure   Level  Hunger
a - Magic Dart            Conj           ####         1%          1    None
b - Searing Ray           Conj           #####.       1%          2    ##.....
c - Dazzling Spray        Conj/Hex       #####.       2%          3    ###....
d - Fulminant Prism       Conj/Hex       #####.....   8%          4    ####...
e - Force Lance           Conj/Tloc      ####....     22%         4    ####...

Your spell library contained the following spells:

 Spells                   Type           Power        Failure   Level  Hunger
 Iskenderun's Mystic Bla  Conj           #####...     6%          4    ####...


Dungeon Overview and Level Annotations

Branches:
Dungeon (9/15)             Temple (1/1) D:6
   Lair: D:8-11         Orc: D:9-12

Annotations:
D:8 Psyche


Innate Abilities, Weirdness & Mutations

You have an increased reservoir of magic. (+10% MP)


Message History

The sixfirhy hits you!
* * * LOW HITPOINT WARNING * * *
The sixfirhy shocks you!
* * * LOW HITPOINT WARNING * * *
The thrashing horror moves out of view.
Okay, then.
Blink to where?
Press: ? - help, Dir - move target cursor, p - sixfirhy
As you read the scroll of blinking, it crumbles to dust.
As you read the scroll of teleportation, it crumbles to dust.
You feel strangely unstable.
You feel the power of the Abyss delaying your translocation!
All of the chunks of flesh in your inventory have rotted away.
You block the sixfirhy's attack.
The sixfirhy hits you but does no damage.
The sixfirhy closely misses you. The sixfirhy hits you.
* * * LOW HITPOINT WARNING * * *
The sixfirhy shocks you!
You die...

.###.#.##...#
#.#.#.#....#
#...#....##
.#...#..#
#..#........
##...........
##.#........##
#3#ยงยงยง###.###
#.#@#.##.# ..#
....##.#. .# .#
....#. #.#.##
... #.## .. #..
# ..# .# .


You could see a sixfirhy.

Vanquished Creatures
  2 trolls (D:9)
  Grinder (D:5)
  A hungry ghost (D:7)
  A water moccasin (D:9)
  An ice beast (D:7)
  3 orc warriors
  A sky beast (D:7)
  3 phantoms
  2 centaurs
  6 ogres
  6 bullfrogs
  A wyvern skeleton (D:6)
  3 scorpions
  4 wights
  7 crimson imps
  2 jellies (D:8)
  5 orc priests
  2 bullfrog skeletons
  6 hounds
  An iguana (D:6)
  15 orc wizards
  5 worker ants
  A howler monkey skeleton (D:3)
  11 adders
  10 gnolls
  3 shadow imps
  An ooze (D:1)
  5 adder skeletons
  A worm (D:4)
  2 dart slugs
  6 leopard geckos
  38 orcs
  7 bats
  6 giant cockroaches
  7 goblins
  8 hobgoblins
  5 jackals (D:6)
  4 kobolds
  3 quokkas
  2 ball pythons
  6 frilled lizards
  2 goblin skeletons (D:4)
  A goblin zombie (D:4)
  2 hobgoblin zombies (D:4)
  A jackal zombie (D:5)
  2 kobold skeletons (D:4)
  3 kobold zombies (D:4)
  2 orc zombies (D:4)
  14 rats
231 creatures vanquished.

Vanquished Creatures (others)
  A bush (D:7)
  21 fulminant prisms
  A fungus (D:4)
23 creatures vanquished.

Grand Total: 254 creatures vanquished

Notes
Turn   | Place    | Note
-------+----------+-------------------------------------------
     0 | D:1      | Folque the Demigod Conjurer began the quest for the Orb.
     0 | D:1      | Reached XP level 1. HP: 14/14 MP: 5/5
   282 | D:1      | Reached XP level 2. HP: 19/22 MP: 5/7
   323 | D:1      | Reached skill level 4 in Conjurations
   569 | D:2      | Learned a level 2 spell: Searing Ray
   719 | D:2      | Found a radiant altar of Vehumet.
   724 | D:2      | Reached skill level 1 in Fighting
  1103 | D:1      | Reached XP level 3. HP: 23/28 MP: 6/9
  1108 | D:1      | Learned a level 3 spell: Dazzling Spray
  1876 | D:2      | Found a hide-covered altar of Uskayaw.
  1952 | D:2      | Found a glowing silver altar of Zin.
  2342 | D:3      | Reached XP level 4. HP: 29/35 MP: 6/11
  2825 | D:4      | Found a glowing golden altar of the Shining One.
  2893 | D:4      | Reached skill level 1 in Hexes
  3210 | D:4      | Reached XP level 5. HP: 40/40 MP: 8/12
  3216 | D:4      | Learned a level 4 spell: Fulminant Prism
  3320 | D:4      | Reached skill level 5 in Conjurations
  3486 | D:4      | Reached XP level 6. HP: 33/47 MP: 8/13
  3685 | D:4      | Found a blossoming altar of Fedhas.
  4146 | D:4      | Found a blossoming altar of Fedhas.
  4474 | D:5      | Entered Level 5 of the Dungeon
  4944 | D:5      | Found a glowing golden altar of the Shining One.
  5094 | D:5      | Reached XP level 7. HP: 18/52 MP: 9/14
  5361 | D:5      | Found a sacrificial altar of Ru.
  5713 | D:5      | Noticed Grinder
  5716 | D:5      | Paralysed by Grinder for 3 turns
  5721 | D:5      | Killed Grinder
  5721 | D:5      | Reached skill level 6 in Conjurations
  5721 | D:5      | Reached skill level 5 in Hexes
  6197 | D:5      | Found a basalt altar of Yredelemnul.
  6596 | D:6      | Reached XP level 8. HP: 37/59 MP: 6/16
  6738 | D:6      | Found a stormy altar of Qazlal.
  6804 | D:6      | Reached skill level 1 in Armour
  6963 | D:6      | Found a staircase to the Ecumenical Temple.
  7213 | D:6      | Reached skill level 7 in Conjurations
  7713 | D:6      | Found an ancient bone altar of Kikubaaqudgha.
  7879 | D:6      | You fall through a shaft for 3 floors!
  8134 | D:8      | Reached skill level 5 in Armour
  8229 | D:9      | Noticed a troll
  8240 | D:9      | Killed a troll
  8240 | D:9      | Reached XP level 9. HP: 64/64 MP: 9/17
  8626 | D:9      | Reached skill level 8 in Conjurations
  8858 | D:9      | Learned a level 4 spell: Force Lance
  9533 | Temple   | Entered the Ecumenical Temple
  9768 | D:7      | Reached skill level 1 in Translocations
 10132 | D:7      | Found a hazy altar of Hepliaklqana.
 10773 | D:8      | Reached XP level 10. HP: 74/74 MP: 12/18
 10885 | D:8      | Noticed Psyche
 10891 | D:8      | Cast into level 2 of the Abyss (Psyche)
 10916 | Abyss:2  | Noticed a sixfirhy
 10925 | Abyss:2  | Noticed a thrashing horror
 10936 | Abyss:2  | HP: 1/74 [sixfirhy (6)]
 10936 | Abyss:2  | Mangled by a sixfirhy

Skill      XL: |  1  2  3  4  5  6  7  8  9 |
---------------+----------------------------+-----
Spellcasting   | 2 3 |  3.2
Conjurations   | 4 5 6 7 8 |  8.7
Fighting       | 1 2 |  2.5
Hexes          | 1 3 4 5 6 7 |  7.4
Dodging        | 2 3 |  3.0
Armour         | 5 6 |  6.1
Translocations | 2 |  2.1
Stealth        | |  1.7

Action                   |  1- 3 |  4- 6 |  7- 9 | 10-12 || total
-------------------------+-------+-------+-------+-------++-------
Melee: Unarmed           |     9 |       |       |       ||     9
       Club              |    40 |       |       |       ||    40
       Dagger            |    41 |    85 |       |       ||   126
       Falchion          |       |    14 |    84 |     5 ||   103
Throw: Tomahawk          |       |       |     1 |       ||     1
 Cast: Magic Dart        |    34 |    23 |    60 |       ||   117
       Searing Ray       |     8 |    33 |    76 |     1 ||   118
       Dazzling Spray    |     2 |     4 |     8 |     2 ||    16
       Fulminant Prism   |       |     4 |    17 |       ||    21
       Force Lance       |       |       |     2 |     2 ||     4
Evoke: Wand              |       |       |     2 |       ||     2
  Use: Scroll            |     3 |     5 |       |     2 ||    10
       Potion            |       |     2 |     3 |     1 ||     6
 Stab: Sleeping          |     4 |     1 |       |       ||     5
  Eat: Chunk             |     5 |    11 |    25 |     1 ||    42
Armor: Robe              |    17 |    16 |    14 |       ||    47
       Ring mail         |       |       |    34 |     7 ||    41
Dodge: Dodged            |    76 |    99 |   128 |     9 ||   312
Block: Other             |     6 |    13 |    28 |     1 ||    48
       Reflection        |       |     1 |       |       ||     1
       Rpst.: Falchion   |       |    10 |    38 |     5 ||    53
